NCAA
VIRGINIA CAVALIERS @ LOUISVILLE CARDINALS
04/30/2028
 
TOP OF THE 1ST
Virginia Cavaliers batting - Pitching for Louisville Cardinals : RHP Greg Ward
Pitching: RHP Greg Ward
Batting: RHB Carl Curry 0-0: Called Strike
0-1: Fly out, F2 (Popup, 13)
Batting: RHB Bert Larson 0-0: Ball
1-0: Foul Ball, location: 2F
1-1: Ground out 1-3 (Groundball, 13S)
Batting: LHB Marvin MacGruder 0-0: Ball
1-0: Called Strike
1-1: Swinging Strike
1-2: Ball
2-2: Foul Ball, location: 2F
2-2: Foul Ball, location: 2F
2-2: Ball
3-2: Strikes out swinging
Top of the 1st over - 0 run(s), 0 hit(s), 0 error(s), 0 left on base; Virginia 0 - Louisville 0
BOTTOM OF THE 1ST
Louisville Cardinals batting - Pitching for Virginia Cavaliers : RHP Michael Waller
Pitching: RHP Michael Waller
Batting: RHB Larry Johnson 0-0: Fly out, F8 (Flyball, 8RS)
Batting: RHB Bobby Hendricks 0-0: Called Strike
0-1: Swinging Strike
0-2: Ball
1-2: Ball
2-2: Foul Ball, location: 2F
2-2: Ball
3-2: Foul Ball, location: 2F
3-2: Strikes out swinging
Batting: RHB James Everhart 0-0: Ground out 5-3 (Groundball, 5L)
Bottom of the 1st over - 0 run(s), 0 hit(s), 0 error(s), 0 left on base; Virginia 0 - Louisville 0
TOP OF THE 2ND
Virginia Cavaliers batting - Pitching for Louisville Cardinals : RHP Greg Ward
Batting: RHB Mark Whiffen 0-0: Ball
1-0: Ball
2-0: Called Strike
2-1: Ball
3-1: Foul Ball, location: 2F
3-2: Strikes out swinging
Batting: LHB Jack Davis 0-0: SINGLE (Groundball, 4MD)
Batting: LHB Randy Pérez 0-0: SINGLE (Line Drive, 4MD)
Jack Davis to second
Batting: LHB Domingo González 0-0: Grounds into double play, 6-4-3 (Groundball, 6)
Top of the 2nd over - 0 run(s), 2 hit(s), 0 error(s), 1 left on base; Virginia 0 - Louisville 0
BOTTOM OF THE 2ND
Louisville Cardinals batting - Pitching for Virginia Cavaliers : RHP Michael Waller
Batting: RHB Mike Harris 0-0: Ball
1-0: SINGLE (Line Drive, 89S)
Batting: RHB Charlie Guzmén 0-0: Ball
1-0: Ball
2-0: Ball
3-0: Called Strike
3-1: Base on Balls
Mike Harris to second
Batting: RHB José Ortíz 0-0: Fly out, F5 (Popup, 5L)
Batting: RHB Roberto Peña 0-0: Ball
1-0: Ball
2-0: Called Strike
2-1: Foul Ball, location: 2F
2-2: Strikes out swinging
Batting: RHB Troy Legge 0-0: Called Strike
0-1: Called Strike
0-2: Ball
1-2: Strikes out swinging
Bottom of the 2nd over - 0 run(s), 1 hit(s), 0 error(s), 2 left on base; Virginia 0 - Louisville 0
TOP OF THE 3RD
Virginia Cavaliers batting - Pitching for Louisville Cardinals : RHP Greg Ward
Batting: RHB Nick Stephenson 0-0: Called Strike
0-1: Ball
1-1: Ground out 2-3 (Groundball, 2L)
Batting: LHB Brett Anderson 0-0: Swinging Strike
0-1: Ball
1-1: Swinging Strike
1-2: Strikes out swinging
Batting: RHB Carl Curry 0-0: Ball
1-0: Ball
2-0: Foul Ball, location: 2F
2-1: Ball
3-1: Called Strike
3-2: Fly out, F9 (Flyball, 9LS)
Top of the 3rd over - 0 run(s), 0 hit(s), 0 error(s), 0 left on base; Virginia 0 - Louisville 0
BOTTOM OF THE 3RD
Louisville Cardinals batting - Pitching for Virginia Cavaliers : RHP Michael Waller
Batting: LHB Preston Spencer 0-0: Called Strike
0-1: Foul Ball, location: 2F
0-2: Strikes out swinging
Batting: RHB Larry Johnson 0-0: Foul Ball, location: 2F
0-1: Swinging Strike
0-2: Foul Ball, location: 2F
0-2: Fly out, F7 (Flyball, 7)
Batting: RHB Bobby Hendricks 0-0: Ball
1-0: DOUBLE (Line Drive, 3D)
Batting: RHB James Everhart 0-0: Foul Ball, location: 2F
0-1: Foul Ball, location: 2F
0-2: Ball
1-2: Foul Ball, location: 2F
1-2: Ball
2-2: Ball
3-2: SINGLE (Groundball, 6MD)
Bobby Hendricks to third
Bobby Hendricks scores
Batting: RHB Mike Harris 0-0: Ball
1-0: Called Strike
1-1: Foul Ball, location: 2F
1-2: Foul Ball, location: 2F
1-2: Strikes out swinging
Bottom of the 3rd over - 1 run(s), 2 hit(s), 0 error(s), 1 left on base; Virginia 0 - Louisville 1
TOP OF THE 4TH
Virginia Cavaliers batting - Pitching for Louisville Cardinals : RHP Greg Ward
Batting: RHB Bert Larson 0-0: Ball
1-0: Ball
2-0: Called Strike
2-1: Foul Ball, location: 2F
2-2: Strikes out looking
Batting: LHB Marvin MacGruder 0-0: Ball
1-0: Swinging Strike
1-1: Ball
2-1: Ball
3-1: Foul Ball, location: 2F
3-2: Base on Balls
Batting: RHB Mark Whiffen 0-0: Called Strike
0-1: Ball
1-1: Swinging Strike
1-2: Strikes out swinging
Batting: LHB Jack Davis 0-0: SINGLE (Groundball, 5D)
Marvin MacGruder to second
Batting: LHB Randy Pérez 0-0: Ball
1-0: Fly out, F8 (Line Drive, 89M)
Top of the 4th over - 0 run(s), 1 hit(s), 0 error(s), 2 left on base; Virginia 0 - Louisville 1
BOTTOM OF THE 4TH
Louisville Cardinals batting - Pitching for Virginia Cavaliers : RHP Michael Waller
Batting: RHB Charlie Guzmén 0-0: Swinging Strike
0-1: Ball
1-1: Foul Ball, location: 2F
1-2: SINGLE (Groundball, 6) (infield hit)
Batting: RHB José Ortíz 0-0: Called Strike
0-1: Called Strike
0-2: SINGLE (Groundball, 34D)
Charlie Guzmén to second
Runner from 2nd tries for 3rd, SAFE, throw made to third
Batting: RHB Roberto Peña 0-0: Called Strike
0-1: Ball
1-1: Foul Ball, location: 2F
1-2: Strikes out looking
Batting: RHB Troy Legge 0-0: Foul Ball, location: 2F
0-1: Grounds into double play, 5-4-3 (Groundball, 56)
Bottom of the 4th over - 0 run(s), 2 hit(s), 0 error(s), 1 left on base; Virginia 0 - Louisville 1
TOP OF THE 5TH
Virginia Cavaliers batting - Pitching for Louisville Cardinals : RHP Greg Ward
Batting: LHB Domingo González 0-0: Called Strike
0-1: Ball
1-1: Ball
2-1: SINGLE (Line Drive, 7LM)
Batting: RHB Nick Stephenson 0-0: Called Strike
0-1: Ball
1-1: Foul Ball, location: 2F
1-2: Foul Ball, location: 2F
1-2: Strikes out looking
Domingo González is caught stealing 2nd base
Batter strikes out.
Batting: LHB Brett Anderson 0-0: Called Strike
0-1: Ball
1-1: Fly out, F8 (Line Drive, 8RD)
Top of the 5th over - 0 run(s), 1 hit(s), 0 error(s), 0 left on base; Virginia 0 - Louisville 1
BOTTOM OF THE 5TH
Louisville Cardinals batting - Pitching for Virginia Cavaliers : RHP Michael Waller
Batting: LHB Preston Spencer 0-0: Ball
1-0: Foul Ball, location: 2F
1-1: Ball
2-1: Called Strike
2-2: Ball
3-2: Base on Balls
Batting: RHB Larry Johnson 0-0: Foul Ball, location: 2F
0-1: Ball
1-1: Swinging Strike
1-2: Fly out, F9 (Flyball, 9LS)
Now in RF: Fletcher Richardson
Batting: RHB Bobby Hendricks 0-0: Foul Ball, location: 2F
0-1: Ball
1-1: Fly out, F9 (Flyball, 9)
Batting: RHB James Everhart 0-0: Ball
1-0: Fly out, F8 (Flyball, 8LD)
Bottom of the 5th over - 0 run(s), 0 hit(s), 0 error(s), 1 left on base; Virginia 0 - Louisville 1
TOP OF THE 6TH
Virginia Cavaliers batting - Pitching for Louisville Cardinals : RHP Greg Ward
Batting: RHB Carl Curry 0-0: Called Strike
0-1: Foul Ball, location: 2F
0-2: Strikes out swinging
Batting: RHB Bert Larson 0-0: Called Strike
0-1: Foul Ball, location: 2F
0-2: Strikes out looking
Batting: RHB Fletcher Richardson 0-0: Ball
1-0: Ball
2-0: Called Strike
2-1: Foul Ball, location: 2F
2-2: Strikes out swinging
Top of the 6th over - 0 run(s), 0 hit(s), 0 error(s), 0 left on base; Virginia 0 - Louisville 1
BOTTOM OF THE 6TH
Louisville Cardinals batting - Pitching for Virginia Cavaliers : RHP Michael Waller
Batting: RHB Mike Harris 0-0: Foul Ball, location: 2F
0-1: DOUBLE (Line Drive, 9LM)
Batting: RHB Charlie Guzmén 0-0: Foul Ball, location: 2F
0-1: Ball
1-1: Ball
2-1: Foul Ball, location: 2F
2-2: Strikes out swinging
Pitching: LHP Allen Martin
Batting: RHB José Ortíz 0-0: Ground out 1-3 (Groundball, 15S)
Batting: RHB Roberto Peña 0-0: Ball
1-0: Ball
2-0: Ball
3-0: Base on Balls
Batting: RHB Troy Legge 0-0: Swinging Strike
0-1: Ground out 6-3 (Groundball, 6M)
Bottom of the 6th over - 0 run(s), 1 hit(s), 0 error(s), 2 left on base; Virginia 0 - Louisville 1
TOP OF THE 7TH
Virginia Cavaliers batting - Pitching for Louisville Cardinals : RHP Greg Ward
Batting: RHB Mark Whiffen 0-0: Called Strike
0-1: SINGLE (Line Drive, 6MD)
Batting: LHB Jack Davis 0-0: Called Strike
0-1: Called Strike
0-2: Ball
1-2: Ball
2-2: Fly out, F3 (Popup, 3L)
Pitching: LHP Adam Guerrero
Batting: LHB Randy Pérez 0-0: Ball
1-0: Ball
2-0: Called Strike
2-1: Foul Ball, location: 2F
2-2: Ball
3-2: Fly out, F3 (Line Drive, 3L)
Lined into DP, U3 (Line Drive, 3L)
Top of the 7th over - 0 run(s), 1 hit(s), 0 error(s), 0 left on base; Virginia 0 - Louisville 1
BOTTOM OF THE 7TH
Louisville Cardinals batting - Pitching for Virginia Cavaliers : LHP Allen Martin
Batting: LHB Preston Spencer 0-0: Foul Ball, location: 2F
0-1: Foul Ball, location: 2F
0-2: Ball
1-2: Foul Ball, location: 2F
1-2: Ground out 3-1 (Groundball, 34)
Batting: RHB Larry Johnson 0-0: Called Strike
0-1: Ball
1-1: Ball
2-1: Ball
3-1: Called Strike
3-2: Foul Ball, location: 2F
3-2: Fly out, F4 (Popup, 3D)
Batting: RHB Bobby Hendricks 0-0: DOUBLE (Line Drive, 8LD)
Batting: RHB James Everhart 0-0: Ball
1-0: Ball
2-0: Ball
3-0: Called Strike
3-1: Foul Ball, location: 2F
3-2: Fly out, F9 (Flyball, 9)
Bottom of the 7th over - 0 run(s), 1 hit(s), 0 error(s), 1 left on base; Virginia 0 - Louisville 1
TOP OF THE 8TH
Virginia Cavaliers batting - Pitching for Louisville Cardinals : LHP Adam Guerrero
Pitching: LHP Eric Knox
Batting: LHB Domingo González 0-0: Called Strike
0-1: Ground out 4-3 (Groundball, 4)
Pitching: RHP Ernest Carrillo
Batting: RHB Nick Stephenson 0-0: Ball
1-0: Fly out, F8 (Flyball, 8LM)
Pitching: LHP Patrick Johnson
Batting: LHB Brett Anderson 0-0: Called Strike
0-1: Ball
1-1: Ground out U3 (Groundball, 3)
Top of the 8th over - 0 run(s), 0 hit(s), 0 error(s), 0 left on base; Virginia 0 - Louisville 1
BOTTOM OF THE 8TH
Louisville Cardinals batting - Pitching for Virginia Cavaliers : LHP Allen Martin
Batting: RHB Mike Harris 0-0: Ball
1-0: Fly out, F9 (Flyball, 9)
Batting: RHB Charlie Guzmén 0-0: Called Strike
0-1: Foul Ball, location: 2F
0-2: Strikes out looking
Batting: RHB José Ortíz 0-0: Called Strike
0-1: SINGLE (Groundball, 4MD)
Batting: RHB Roberto Peña 0-0: Called Strike
0-1: Fly out, F8 (Flyball, 8RS)
Bottom of the 8th over - 0 run(s), 1 hit(s), 0 error(s), 1 left on base; Virginia 0 - Louisville 1
TOP OF THE 9TH
Virginia Cavaliers batting - Pitching for Louisville Cardinals : LHP Patrick Johnson
Pitching: RHP Dave Molyneaux
Batting: RHB Carl Curry 0-0: Ball
1-0: Called Strike
1-1: Ball
2-1: Ball
3-1: Base on Balls
Batting: RHB Bert Larson 0-0: Called Strike
0-1: Fly out, F5 (Popup, 5L)
Batting: RHB Fletcher Richardson 0-0: Foul Ball, location: 2F
0-1: Ball
1-1: Ball
2-1: Grounds into double play, 6-4-3 (Groundball, 6)
Top of the 9th over - 0 run(s), 0 hit(s), 0 error(s), 0 left on base; Virginia 0 - Louisville 1
Tuesday, August 8th, 2017 - OOTP Baseball 17.12 Build 75